 Dungeon Crawl Stone Soup version 0.26.0-18-gc5c842f807 (webtiles) character file.

Game seed: 6841687088325459754

616 thiole the Sneak (level 7, 0/45 HPs)
             Began as an Octopode Hedge Wizard on Jan 23, 2021.
             Was an Initiate of Gozag.
             Killed from afar by an orc wizard (12 damage)
             ... with a puff of flame
             ... on level 4 of the Dungeon.
             The game lasted 00:13:19 (5215 turns).

thiole the Sneak (Octopode Hedge Wizard)            Turns: 5215, Time: 00:13:19

Health: 0/45       AC:  1    Str: 10    XL:     7   Next: 45%
Magic:  10/13      EV: 13    Int: 18    God:    Gozag
Gold:   154        SH:  3    Dex: 11    Spells: 6/14 levels left

rFire    . . .     SeeInvis .   a - +3 dagger (venom)
rCold    . . .     Faith    .   n - +0 buckler
rNeg     . . .     Spirit   .   b - +0 hat
rPois    .         Reflect  .   (no amulet)
rElec    .         Harm     .   i - ring of wizardry
rCorr    .         Rampage  .   (no ring)
Will     .....                  (no ring)
Stlth    ++++......             (no ring)
HPRegen  0.15/turn              (no ring)
MPRegen  0.13/turn              (no ring)
                                (no ring)
                                (no ring)

@: gold aura
A: almost no armour, stealthy swim, amphibious, 8 rings, constrict 8, camouflage
1, gelatinous body 1
a: Renounce Religion, Potion Petition, Call Merchant, Bribe Branch


You were on level 4 of the Dungeon.
You worshipped Gozag.
Gozag was aware of your devotion.
You visited 2 branches of the dungeon, and saw 6 of its levels.

You collected 213 gold pieces.
You paid 59 gold pieces to Gozag.

Inventory:

Hand Weapons
 a - a +3 dagger of venom (weapon)
Armour
 b - a +0 hat (worn)
 n - a +0 buckler (worn)
 r - a +0 leather armour
Jewellery
 i - a ring of wizardry (left tentacle)
Scrolls
 g - a scroll of immolation {unknown}
 k - a scroll of fear {unknown}
 l - a scroll of magic mapping {unknown}
 m - a scroll of fog {unknown}
 o - a scroll of remove curse {unknown}
 p - a scroll of noise {unknown}
 q - a scroll of identify
Potions
 c - a potion of magic
 d - a potion of mutation {unknown}
 e - a potion of ambrosia {unknown}
 f - a potion of flight
 j - a potion of heal wounds {unknown}


   Skills:
 * Level 2.2 Fighting
 - Level 2.0 Dodging
 + Level 5.1 Stealth
 * Level 1.6 Shields
 + Level 4.1 Spellcasting
 - Level 4.0 Conjurations
 - Level 2.0 Summonings
 - Level 1.0 Translocations
 * Level 3.0 Air Magic
 + Level 0.4 Poison Magic


You had 6 spell levels left.
You knew the following spells:

 Your Spells              Type           Power        Failure   Level
a - Magic Dart            Conj           72%          1%          1
b - Call Imp              Summ           10%          5%          2
c - Blink                 Tloc           N/A          9%          2
d - Mephitic Cloud        Conj/Pois/Air  12%          9%          3

Your spell library contained the following spells:

 Spells                   Type           Power        Failure   Level
 Conjure Flame            Conj/Fire      10%          11%         3
 Slow                     Hex            3%           12%         2


Dungeon Overview and Level Annotations

Branches:
Dungeon (5/15)             Temple (1/1) D:5

Altars:
Cheibriados
Dithmenos
Elyvilon
Fedhas
Gozag
Hepliaklqana
Kikubaaqudgha
Makhleb
Nemelex Xobeh
Okawaru
Qazlal
Ru
Sif Muna
Trog
Uskayaw
Wu Jian
Xom
Yredelemnul

Shops:
D:5 }

Annotations:
D:4 Menkaure


Innate Abilities, Weirdness & Mutations

You cannot wear most types of armour.
You are very stealthy in the water. (Stealth+)
You are amphibious.
You can wear up to eight rings at the same time.
You can use your tentacles to constrict eight enemies at once.
Your skin changes colour to match your surroundings (Stealth+).
Your rubbery body absorbs attacks. (AC +1, EV +1)


Message History

The orc priest seems less confused.
The orc seems less confused.
Something barely misses you.
The orc priest looks braver for a moment.
Something hits you.
You are electrocuted!
* * * LOW HITPOINT WARNING * * *
Things that are here:
6 gold pieces; a +0 mace You feel better.
Something hits you.
* * * LOW HITPOINT WARNING * * *
The leopard gecko bites you.
* * * LOW HITPOINT WARNING * * *
You hear some strange, mumbled words.
You feel better. Something hits you.
* * * LOW HITPOINT WARNING * * *
You block the leopard gecko's attack.
You hear some strange, mumbled words.
A puff of flame appears from out of thin air!
The puff of flame hits you!
You die...
Your body crumbles into a pile of gold.

....# $ ....#..
###+##+##
.......
#.......#
.......
#)o.....###
...###. #
#...o......
...#
..##.##.......#
...'..
.O......o#
...###
#.##..###.#
...#
#......l@{#
...#
#####..##.###
...#
#####......#
...#
.........#.#
...
.........#.# ..
.........#.# ..
#####....#.# ##
#'#..#.#
.........


You could see a two-headed ogre, an orc priest, an orc and a leopard gecko.

Vanquished Creatures
  An ice beast (D:5)
  A black bear (D:5)
  An ogre (D:5)
  A centaur (D:5)
  A hound (D:5)
  Jessica (D:2)
  An iguana (D:5)
  2 worker ants (D:4)
  A hound skeleton (D:4)
  A howler monkey skeleton (D:5)
  2 gnolls (D:5)
  4 adders
  2 white imps (D:5)
  An ufetubus (D:5)
  An ooze (D:2)
  5 worms
  A dart slug (D:1)
  3 leopard geckos
  8 orcs
  4 giant cockroaches
  8 goblins
  9 hobgoblins
  4 jackals (D:1)
  10 kobolds
  A ball python (D:1)
  6 bats
  A frilled lizard (D:1)
  A jackal skeleton (D:4)
  A quokka zombie (D:5)
  9 rats
92 creatures vanquished.

Vanquished Creatures (collateral kills)
  2 gnolls (D:5)
  A leopard gecko (D:5)
  An orc (D:5)
4 creatures vanquished.

Vanquished Creatures (others)
  10 plants (D:1)
10 creatures vanquished.

Grand Total: 106 creatures vanquished

Notes
Turn   | Place    | Note
-------+----------+-------------------------------------------
     0 | D:1      | thiole the Octopode Hedge Wizard began the quest for the
                  | Orb.
     0 | D:1      | Reached XP level 1. HP: 11/11 MP: 4/4
   257 | D:1      | Reached XP level 2. HP: 15/17 MP: 0/6
   460 | D:1      | Reached skill level 3 in Stealth
   799 | D:1      | Reached XP level 3. HP: 13/21 MP: 2/7
  1783 | D:2      | Reached XP level 4. HP: 26/27 MP: 5/8
  1977 | D:2      | Found a hide-covered altar of Uskayaw.
  2056 | D:2      | Noticed Jessica
  2061 | D:2      | Killed Jessica
  2268 | D:2      | Reached skill level 4 in Stealth
  2268 | D:2      | Reached XP level 5. HP: 32/32 MP: 5/10
  2314 | D:2      | Learned a level 2 spell: Call Imp
  2317 | D:2      | Learned a level 2 spell: Blink
  2321 | D:2      | Learned a level 3 spell: Mephitic Cloud
  2477 | D:3      | Found a hazy altar of Hepliaklqana.
  3070 | D:3      | Found a shimmering blue altar of Sif Muna.
  3159 | D:4      | Reached skill level 1 in Air Magic
  3216 | D:4      | Reached skill level 1 in Fighting
  3355 | D:4      | Noticed an orc warrior
  3367 | D:4      | Found a burning altar of Makhleb.
  3422 | D:4      | Noticed Menkaure
  3422 | D:4      | Noticed a two-headed ogre
  3466 | D:5      | Entered Level 5 of the Dungeon
  3474 | D:5      | Reached XP level 6. HP: 27/38 MP: 4/11
  3783 | D:5      | Noticed an ice beast
  4104 | D:5      | Killed an ice beast
  4105 | D:5      | Reached XP level 7. HP: 23/44 MP: 3/12
  4218 | D:5      | Reached skill level 5 in Stealth
  4218 | D:5      | Reached skill level 1 in Shields
  4504 | D:5      | Found Veih's Gadget Shop.
  4640 | D:5      | Found a staircase to the Ecumenical Temple.
  4649 | Temple   | Entered the Ecumenical Temple
  4737 | Temple   | Became a worshipper of Gozag Ym Sagoz the Greedy
  5215 | D:4      | Killed from afar by an orc wizard

Illustrated notes

Levels and vault maps discovered:
D:1:      evilmike_arrival_rings, layout_loops_ring, serial_bayou_pond_c
D:2:      layout_rooms, old_standard_altar, uniq_jessica
D:3:      layout_basic, old_standard_altar, marbit_many_paths
D:4:      layout_basic, bloody_makhleb, kennysheep_generic_room_11,
          uniq_menkaure
D:5:      layout_cave_pods, minmay_temple_entry_tees, serial_shops,
          kennysheep_mini
Temple:   eino_temple_scatter_basement

Skill      XL: |  1  2  3  4  5  6  7 |
---------------+----------------------+-----
Stealth        | 3 4 5 |  5.1
Conjurations   | 2 3 4 |  4.0
Summonings     | 2 |  2.0
Air Magic      | 1 2 3 |  3.0
Fighting       | 1 2 |  2.2
Shields        | 1 |  1.6
Spellcasting   | 4 |  4.1
Dodging        | |  2.0
Translocations | |  1.0
Poison Magic   | |  0.4

Action                   |  1- 3 |  4- 6 |  7- 9 || total
-------------------------+-------+-------+-------++-------
Melee: Dagger            |    44 |    52 |    12 ||   108
       Constrict         |    13 |    13 |     4 ||    30
       Tentacles         |     6 |    11 |     2 ||    19
 Cast: Magic Dart        |    78 |   110 |    25 ||   213
       Call Imp          |       |     6 |     9 ||    15
       Mephitic Cloud    |       |       |     1 ||     1
       Blink             |       |       |     1 ||     1
  Use: Scroll            |     1 |     7 |       ||     8
       Potion            |       |     3 |     2 ||     5
 Stab: Sleeping          |     1 |     1 |       ||     2
       Distracted        |       |       |     3 ||     3
Armor: Skin              |     1 |     1 |     1 ||     3
Dodge: Dodged            |    38 |    27 |    11 ||    76
Block: Buckler           |       |     1 |     1 ||     2
